 Dungeon Crawl Stone Soup version 0.30-a0-719-gcc4359ea44 (webtiles) character file.

Game seed: 11195423186238072392

1244 M4edhros the Insei (level 8, -6/118 (121) HPs)
             Began as an Octopode Transmuter on Jan 26, 2023.
             Mangled by an orc warrior
             ... wielding a +0 halberd
              (11 damage)
             ... on level 7 of the Dungeon.
             The game lasted 00:03:30 (3616 turns).

M4edhros the Insei (Octopode Transmuter)            Turns: 3616, Time: 00:03:30

HP:   -6/118 (121)  AC: 24    Str: 10    XL:     8   Next: 50%
MP:   20/20         EV:  2    Int: 15    God:
Gold: 259           SH:  0    Dex: 14    Spells: 10/11 levels left

rFire   . . .      SeeInvis .      - Unarmed
rCold   + . .      Faith    .    (no shield)
rNeg    + . .      Spirit   .    (helmet currently unavailable)
rPois   +          Reflect  .    (no amulet)
rElec   .          Harm     .    b - ring of positive energy
rCorr   .          Rampage  .    e - ring of magical power
Will    .....      NoTele   +    g - ring of protection from cold Stlth
                                 (no ring)
HPRegen 0.39/turn                (no ring)
MPRegen 0.17/turn                (no ring)
                                 (no ring)
                                 (no ring)

@: berserking, tree-form (expiring), attractive, lightly drained, very quick
A: stationary, stasis, torment immunity, boosted hp, almost no armour,
(amphibious), 8 rings, (camouflage 1), (gelatinous body 1), (nimble swimmer 1),
(tentacles)
a: no special abilities


You were on level 7 of the Dungeon.
You were a tree.
You visited 1 branch of the dungeon, and saw 7 of its levels.

You collected 259 gold pieces.

Inventory:

Jewellery
 b - a ring of positive energy (left branch)
 e - a ring of magical power (right branch)
 g - a ring of protection from cold (on tentacle)
Wands
 o - a wand of light (8)
 r - a wand of flame (13)
 s - a wand of iceblast (10)
Scrolls
 c - a scroll of noise {unknown}
 d - 2 scrolls of poison {unknown}
 h - 2 scrolls of blinking {unknown}
 j - a scroll of immolation {unknown}
 n - 3 scrolls of teleportation {unknown}
 p - 2 scrolls of enchant armour {unknown}
 q - a scroll of acquirement {unknown}
 v - a scroll of silence {unknown}
 w - a scroll of identify {unknown}
 x - a scroll of butterflies {unknown}
 y - a scroll of vulnerability {unknown}
Potions
 k - a potion of flight
 l - 3 potions of curing
 m - 2 potions of brilliance {unknown}
 t - 2 potions of heal wounds {unknown}
 u - a potion of resistance {unknown}
 z - 3 potions of haste {unknown}


   Skills:
 + Level 4.9 Fighting
 + Level 5.3 Dodging
 * Level 7.7 Unarmed Combat
 - Level 2.0 Spellcasting
 - Level 2.0 Transmutations


You had 10 spell levels left.
You knew the following spells:

 Your Spells              Type           Power      Damage    Failure   Level
a - Beastly Appendage     Tmut           14%        N/A       10%         1

Your spell library contained the following spells:

 Spells                   Type           Power      Damage    Failure   Level
 Wereblood                Tmut           7%         N/A       14%         2
 Spider Form              Tmut/Pois      4%         N/A       41%         3
 Vhi's Electric Charge    Tloc/Air       2%         N/A       54%         3
 Ice Form                 Ice/Tmut       4%         N/A       82%         4
 Freezing Cloud           Conj/Ice/Air   0%         6-21      99%         5
 Conjure Ball Lightning   Conj/Air       0%         3x3d6     100%        6


Dungeon Overview and Level Annotations

Branches:
Dungeon (7/15)
 Temple: D:4-7

Altars:
Gozag
Hepliaklqana
Nemelex Xobeh
Okawaru
Qazlal
Trog
Uskayaw
Wu Jian


Innate Abilities, Weirdness & Mutations

You are a tree.
Your roots penetrate the ground, keeping you stationary.
You cannot be teleported.
You are immune to unholy pain and torment.
Your maximum health is greatly increased.
You cannot wear most types of armour.
((You are amphibious.))
You can wear up to eight rings at the same time.
((Your skin changes colour to match your surroundings (Stealth+).))
((Your rubbery body absorbs attacks. (AC +1, EV +1)))
((You are camouflaged when in or above water. (Stealth+)))
((You have tentacles for arms and can constrict up to eight enemies at once.))


Message History

The orc completely misses you.
The orc warrior hits you with a +0 halberd.
* * * LOW HITPOINT WARNING * * *
The orc wizard hits you but does no damage.
The orc hits you but does no damage.
It was a potion of curing.
You feel better.
The orc wizard hits you but does no damage.
The orc warrior hits you but does no damage.
The wight hits you but does no damage. The orc hits you but does no damage. x2
It was a potion of flight.
Your roots keep you in place.
The orc hits you but does no damage.
The orc wizard hits you but does no damage.
The wight hits you from afar with a +3 halberd.
* * * LOW HITPOINT WARNING * * *
You partially resist.
You feel drained. The orc hits you but does no damage.
The orc warrior hits you but does no damage.
It was a potion of attraction.
You feel attractive to monsters.
The orc wizard gestures at you while chanting.
The magic dart hits you.
* * * LOW HITPOINT WARNING * * *
The orc hits you but does no damage. The wight hits you but does no damage.
The orc warrior hits you with a +0 halberd.
* * * LOW HITPOINT WARNING * * *
The orc hits you but does no damage. The wight is attracted toward you.
It was a potion of berserk rage.
A red film seems to cover your vision as you go berserk!
You feel yourself moving faster!
You feel mighty! The orc hits you but does no damage.
The orc wizard hits you but does no damage.
The orc warrior hits you but does no damage.
The wight hits you but does no damage. The orc hits you but does no damage.
You smack the wight!
The wight is almost destroyed.
You smack the wight!
You destroy the wight!
The orc wizard hits you but does no damage.
The orc hits you but does no damage.
The orc warrior hits you with a +0 halberd!
You die...

#.†.##...
#..<.#.##
#.......##
#..$?...?#.
#..#.......##
#.....>....... .
#####..###..§###
... ##..
#..o).#.....
##..#..o♣o......
#...##o#.#....
+.. #.. # . +
.... ###.. ..#
... ...


You could see an orc warrior (blind), an orc wizard and 2 orcs.

Vanquished Creatures
  An ice beast (D:7)
  2 sky beasts
  2 black bears
  A phantom (D:7)
  A bullfrog (D:6)
  2 necrophages
  2 scorpions
  2 wights (D:7)
  3 hounds
  2 jellies (D:6)
  An orc wizard (D:7)
  2 iguanas
  8 adders
  A white imp (D:6)
  2 ufetubi (D:5)
  A dart slug (D:1)
  A worm (D:4)
  3 orcs
  A giant cockroach (D:4)
  A goblin (D:4)
  3 hobgoblins
  4 jackals (D:3)
  4 kobolds
  2 quokkas
  4 ball pythons
  3 bats
  2 rats (D:2)
61 creatures vanquished.

Vanquished Creatures (others)
  6 fungi (D:6)
6 creatures vanquished.

Grand Total: 67 creatures vanquished

Notes
Turn   | Place    | Note
-------+----------+-------------------------------------------
     0 | D:1      | M4edhros the Octopode Transmuter began the quest for the
                  | Orb.
     0 | D:1      | Reached XP level 1. HP: 13/13 MP: 3/3
   161 | D:2      | Reached XP level 2. HP: 15/18 MP: 5/5
   333 | D:3      | Found an iron altar of Okawaru.
   351 | D:3      | Reached XP level 3. HP: 16/23 MP: 6/6
   422 | D:3      | Found a hide-covered altar of Uskayaw.
   853 | D:4      | Got Ucreja's Parchment of the Foggy Tesseract
   875 | D:4      | Reached skill level 4 in Unarmed Combat
   886 | D:4      | Reached XP level 4. HP: 29/29 MP: 7/7
   957 | D:4      | Found a sparkling altar of Nemelex Xobeh.
  1307 | D:5      | Entered Level 5 of the Dungeon
  1318 | D:5      | Reached XP level 5. HP: 21/35 MP: 8/8
  1488 | D:5      | Found a bloodstained altar of Trog.
  1645 | D:5      | Noticed a black bear
  1651 | D:5      | Killed a black bear
  1652 | D:5      | Reached skill level 5 in Unarmed Combat
  1652 | D:5      | Reached XP level 6. HP: 38/42 MP: 9/9
  1697 | D:5      | Found a hazy altar of Hepliaklqana.
  2390 | D:6      | Found an opulent altar of Gozag.
  2394 | D:6      | Found a stormy altar of Qazlal.
  2397 | D:6      | Found an ornate altar of the Wu Jian Council.
  2549 | D:6      | Reached XP level 7. HP: 46/46 MP: 10/10
  2661 | D:6      | Reached skill level 6 in Unarmed Combat
  3081 | D:6      | Reached skill level 7 in Unarmed Combat
  3081 | D:6      | Reached XP level 8. HP: 10/54 MP: 11/11
  3374 | D:6      | Noticed a slime creature
  3441 | D:7      | Reached skill level 5 in Dodging
  3610 | D:7      | HP: 4/81 [orc warrior/+0 halberd (6)]
  3616 | D:7      | Mangled by an orc warrior

Illustrated notes

Levels and vault maps discovered:
D:1:      minmay_arrival_loop, layout_basic
D:2:      layout_rooms
D:3:      minmay_razor_zed, layout_loops_corners,
          mainiacjoe_overflow_concentric_impassable, okawaru_gym_becter,
          wander_ebering_terrifying_dragon_lair
D:4:      layout_cave_pools, general_overflow_altar, serial_column_ruins,
          column_ruins_hut_pillars, column_ruins_grid_1, column_ruins_open_tiny,
          column_ruins_grid_2, kennysheep_pointless_box
D:5:      layout_cave_pods, nicolae_hepliaklqana_hazy_memory,
          lightli_temple_of_fire
D:6:      lemuel_slime, layout_loops_cross, grunt_temple_overflow_open
D:7:      minmay_polygon_palace, layout_rooms, good_gods_temple_1,
          mainiacjoe_overflow_alcove_4, minmay_temple_entry_ruins, uniq_menkaure

Skill      XL: |  1  2  3  4  5  6  7  8 |
---------------+-------------------------+-----
Unarmed Combat | 4 5 7 |  7.7
Fighting       | 2 3 4 |  4.9
Dodging        | 3 4 5 |  5.3
Spellcasting   | |  2.0
Transmutations | |  2.0

Action                     |  1- 3 |  4- 6 |  7- 9 || total
---------------------------+-------+-------+-------++-------
  Melee: Unarmed           |    62 |    65 |    73 ||   200
         Tentacles         |    13 |    18 |    15 ||    46
         Constrict         |    17 |    13 |     8 ||    38
         Punch             |     2 |     1 |     5 ||     8
  Evoke: Wand              |       |     1 |     6 ||     7
    Use: Potion            |       |       |     6 ||     6
   Stab: Sleeping          |     7 |     4 |     5 ||    16
         Invisible         |       |       |     1 ||     1
 Armour: Skin              |     6 |     5 |    63 ||    74
  Dodge: Dodged            |    50 |    44 |    38 ||   132

Table legend: (Time is in decaauts)
 A = Elapsed time spent in this place.
 B = Non-inter-level travel time spent in this place.
 C = Inter-level travel time spent in this place.
 D = Time resting spent in this place.
 E = Time spent auto-exploring this place.
 F = Levels seen in this place.
 G = Mean time per level.
                   A        B        C        D        E       F      G
               +--------+--------+--------+--------+--------+-----+--------+
         Total |   3593 |   3416 |    177 |     37 |   2929 |   7 |  513.3 |
       Dungeon |   3593 |   3416 |    177 |     37 |   2929 |   7 |  513.3 |
               +--------+--------+--------+--------+--------+-----+--------+

Top non-repeatable levels by time:
     D:6: 1095 daAuts
     D:5: 1007 daAuts
     D:4: 617 daAuts
     D:3: 353 daAuts
     D:7: 191 daAuts
     D:2: 174 daAuts
     D:1: 154 daAuts
